 Dungeon Crawl Stone Soup version 0.19-a0-1686-g35356ef (webtiles) character file.

1474 MistressOfTheDunes the Ducker (level 8, -7/58 HPs)
             Began as a Mummy Monk on Sept 25, 2016.
             Killed from afar by a steam dragon (19 damage)
             ... with a ball of steam
             ... on level 8 of the Dungeon.
             The game lasted 00:13:02 (9025 turns).

MistressOfTheDunes the Ducker (Mummy Monk)          Turns: 9025, Time: 00:13:03

Health: -7/58      AC:  8    Str: 16    XL:     8   Next: 49%
Magic:  0/0        EV: 18    Int:  9    God:
Gold:   260        SH:  0    Dex: 20    Spells: 0 memorised, 7 levels left

rFire  . . .     SeeInvis .       - Unarmed
rCold  . . .     Gourm    .     (no armour)
rNeg   + + +     Faith    .     (no shield)
rPois  ∞         Spirit   .     (no helmet)
rElec  .         Dismiss  .     f - +0 cloak
rCorr  .         Reflect  .     g - +0 pair of gloves
MR     +....     Harm     .     d - +1 pair of boots
Stlth  ++........               (no amulet)
                                i - ring of fire
                                o - ring of Cioxkur {+Inv MP-9 AC+3 Str+2 Dex+3, Modest}

@: no status effects
A: no food or potions, fire vulnerability, cold resistance 1, negative energy
resistance 3, torment resistance, unbreathing
a: Evoke Invisibility


You were on level 8 of the Dungeon.
You were not hungry.

You visited 1 branch of the dungeon, and saw 8 of its levels.

You collected 260 gold pieces.


Innate Abilities, Weirdness & Mutations

You do not eat or drink.
Your flesh is vulnerable to fire.
You are immune to poison.
Your flesh is cold resistant. (rC+)
You are immune to negative energy. (rN+++)
You are immune to unholy pain and torment.
You can survive without breathing.


   Skills:
 - Level 3.0 Fighting
 - Level 7.1 Dodging
 - Level 1.5 Stealth
 + Level 6.4 Unarmed Combat


You had 7 spell levels left.
You didn't know any spells.

Inventory:

Armour
 d - a +1 pair of boots (worn)
 f - a +0 cloak (worn)
 g - a +0 pair of gloves (worn)
Jewellery
 i - a ring of fire (right hand)
 o - the ring of Cioxkur (left hand) {+Inv MP-9 AC+3 Str+2 Dex+3, Modest}

   [ring of protection]

   It affects your AC (+3).
   It affects your strength (+2).
   It affects your dexterity (+3).
   It affects your magic capacity (-9).
   It lets you turn invisible.
 q - an uncursed ring of resist corrosion
Scrolls
 a - 2 scrolls of noise {!r}
 b - 4 scrolls of random uselessness {unknown}
 c - 5 scrolls of amnesia
 e - 4 scrolls of teleportation {@r4}
 j - a scroll of fear
 l - 2 scrolls of fog
 m - 3 scrolls of remove curse
 n - a scroll of immolation {!r}
 p - 3 scrolls of recharging

Dungeon Overview and Level Annotations

Branches:
Dungeon (8/15)             Temple (0/1) D:6
   Lair: D:8-11

Altars:
Dithmenos
Kikubaaqudgha
Ru
Vehumet

Annotations:
D:2 exclusion: downstairs
D:3 Grinder
D:4 War
D:5 exclusion: downstairs

▒▒▒▒▒▒▒ ▒ ▒.....▒▒▒▒▒▒▒ ▒
▒.▒▒.....<..▒▒▒▒▒▒▒▒▒▒
▒▒▒▒▒▒▒▒▒.▒▒..[DM...▒▒.......▒▒▒▒
').....[......†#....W............
▒▒▒▒▒▒▒▒▒......#....▒▒.▒▒▒▒▒.▒.▒▒
▒ ▒▒▒▒▒▒▒▒.▒▒#▒▒▒▒▒▒.▒ ▒...(... +
...................▒▒▒.▒▒.... ▒
▒▒▒▒▒▒▒▒.▒▒#....÷....▒.▒▒...▒ ▒
▒▒▒▒▒▒▒.▒▒▒▒▒▒.▒...........▒ ▒
.........▒▒▒▒▒.▒....▒▒.....▒ ▒
.........▒.....▒.▒.........▒


You could see a phantom and a steam dragon.


Message History

The steam dragon closely misses you! x2
You closely miss the steam dragon!
The steam dragon is heavily wounded!
The steam dragon breathes steam at you!
The ball of steam hits you!!! * * * don't die
* * * You pulverise the steam dragon!
The steam dragon is severely wounded!
The steam dragon bites you but does no damage!
The steam dragon claws you! * * * don't die
* * * The steam dragon barely misses you! x2
You pulverise the steam dragon but do no damage!
The steam dragon is severely wounded!
The steam dragon bites you! * * * don't die
* * * The steam dragon barely misses you!
You squash the steam dragon like an ant!
You punch the steam dragon, but do no damage!
The steam dragon is severely wounded!
The steam dragon barely misses you! The steam dragon misses you!
A phantom comes into view!
You pummel the steam dragon like a punching bag!
The steam dragon is severely wounded!
You beat the steam dragon into a bloody pulp!
The steam dragon is almost dead!
The phantom blinks!!!
The steam dragon breathes steam at you! The ball of steam hits you!!! rip

Action                   |  1- 3 |  4- 6 |  7- 9 || total
-------------------------+-------+-------+-------++-------
Melee: Unarmed           |   163 |   263 |   307 ||   733
       Punch             |     5 |     4 |    12 ||    21
  Use: Scroll            |       |       |    10 ||    10
 Stab: Sleeping          |     5 |     2 |     3 ||    10
Armor: Skin              |    29 |    54 |    64 ||   147
Dodge: Dodged            |   104 |   165 |   211 ||   480

Vault maps used:
D:1:      zelgadis_glass_arrival_small, minmay_box_of_dots
D:2:      minmay_misc_feat_tiny
D:3:      nicolae_ru_awakened_eye, grunt_dithmenos_smoke, uniq_grinder
D:4:      gammafunk_temple_overflow_elements, first_bread
D:5:      minmay_statues_item
D:6:      uniq_blork_the_orc
D:8:      bloody_trog, basic_altar, trog_three_pillars_becter, uniq_pikel

Notes
Turn   | Place    | Note
-------+----------+-------------------------------------------
     0 | D:1      | MistressOfTheDunes the Mummy Monk began the quest for the Orb.
     0 | D:1      | Reached XP level 1. HP: 18/18 MP: 1/1
   274 | D:1      | Reached XP level 2. HP: 4/24 MP: 2/2
   275 | D:1      | HP: 2/24 [rat (2)]
   280 | D:1      | HP: 1/24 [goblin (1)]
   283 | D:1      | Reached skill level 3 in Unarmed Combat
  1320 | D:1      | Reached XP level 3. HP: 18/29 MP: 3/3
  2114 | D:2      | Reached skill level 4 in Unarmed Combat
  2200 | D:2      | Reached XP level 4. HP: 35/35 MP: 4/4
  2817 | D:3      | Found a shadowy altar of Dithmenos.
  2817 | D:3      | Noticed Grinder
  2885 | D:3      | Found a sacrificial altar of Ru.
  2898 | D:3      | Reached XP level 5. HP: 34/41 MP: 5/5
  3491 | D:4      | Reached skill level 5 in Unarmed Combat
  3652 | D:4      | Found a radiant altar of Vehumet.
  3652 | D:4      | Found an ancient bone altar of Kikubaaqudgha.
  3885 | D:5      | Entered Level 5 of the Dungeon
  4118 | D:5      | Reached skill level 3 in Dodging
  4574 | D:5      | Reached XP level 6. HP: 37/47 MP: 6/6
  4698 | D:5      | Reached skill level 4 in Dodging
  4700 | D:5      | Got a serpentine iron ring
  4903 | D:5      | Identified the ring of Cioxkur {+Inv MP-9 AC+3 Str+2 Dex+3} (You found it on level 5 of the Dungeon)
  5108 | D:6      | Found a staircase to the Ecumenical Temple.
  5108 | D:6      | Noticed an orc warrior
  5951 | D:6      | Reached skill level 5 in Dodging
  5951 | D:6      | Reached XP level 7. HP: 48/52 MP: 0/7
  6211 | D:6      | Noticed Blork the orc
  6222 | D:6      | Killed Blork the orc
  7236 | D:7      | Reached skill level 6 in Unarmed Combat
  7741 | D:7      | Reached XP level 8. HP: 54/58 MP: 0/8
  7881 | D:6      | Reached skill level 6 in Dodging
  8706 | D:8      | Reached skill level 7 in Dodging
  9025 | D:8      | Killed from afar by a steam dragon

Vanquished Creatures
  A slave (D:8)
  4 ogres
  A necrophage (D:7)
  Blork the orc (D:6)
  3 bullfrogs
  A water moccasin zombie (D:5)
  3 crimson imps
  2 bullfrog zombies
  2 hounds
  2 jellies
  2 orc wizards
  An orc priest (D:7)
  An iguana (D:7)
  5 worker ants
  A gnoll (D:1)
  7 adders
  4 shadow imps
  An ooze (D:7)
  An adder zombie (D:7)
  3 worms
  A dart slug (D:1)
  2 leopard geckos
  16 orcs
  8 bats
  2 giant cockroaches
  10 goblins
  7 hobgoblins
  3 jackals
  4 kobolds
  6 quokkas
  2 ball pythons
  3 frilled lizards
  11 rats
121 creatures vanquished.

Vanquished Creatures (others)
  An orc (D:8)
  A quokka (D:8)
2 creatures vanquished.

Grand Total: 123 creatures vanquished
